 Dungeon Sprint DCSS version 0.20-a0-839-gdaf5c57 (webtiles) character file.

9300000 esc the Conqueror (level 27, 0/249 HPs)
             Began as a Demonspawn Fighter on Mar 8, 2017.
             Was the Champion of Makhleb.
             Slain by a meat beast (14 damage)
             ... in the Dungeon (Sprint VIII: "Arena of Blood").
             The game lasted 00:05:02 (93 turns).

esc the Conqueror (Demonspawn Fighter)                Turns: 93, Time: 00:05:03

Health: 0/249      AC: 17    Str: 27    XL:     27
Magic:  54/54      EV: 39    Int: 11    God:    Makhleb [******]
Gold:   0          SH:  0    Dex: 24    Spells: 80/80 levels left

rFire    + + .     SeeInvis +   l - +∞ Axe of Woe
rCold    . . .     Gourm    .   b - +0 scale mail
rNeg     . . .     Faith    .   (shield currently unavailable)
rPois    .         Spirit   .   (no helmet)
rElec    .         Reflect  .   (no cloak)
rCorr    .         Harm     .   (no gloves)
MR       ++...     NoTele   +   (boots unavailable)
Stlth    +++++++++.             (no amulet)
Regen    0.6/turn               (no ring)
MPRegen  0.4/turn               m - ring of see invisible {sInv, !d}

@: mighty, agile, marked
A: hooves 3, molten scales 3, fire resistance 1, ignite blood, powered by pain
3, augmentation 3, flame cloud immunity
a: Minor Destruction, Lesser Servant of Makhleb, Major Destruction, Greater
Servant of Makhleb, Renounce Religion


You were in the Dungeon.
You worshipped Makhleb.
Makhleb was exalted by your worship.
You were not hungry.

You visited 1 branch

Inventory:

Hand Weapons
 a - a +0 war axe
 l - the +∞ Axe of Woe (weapon)
   (You found it in the Dungeon)
Armour
 b - a +0 scale mail (worn)
 c - a +0 shield
Jewellery
 m - a ring of see invisible (left hand) {sInv, !d}
   (You found it in the Dungeon)
Scrolls
 k - a scroll of blinking {!r}
Potions
 d - a potion of might
 e - a potion of curing
 g - a potion of heal wounds
 h - a potion of haste
 i - 2 potions of magic
 j - a potion of berserk rage {!q}
Comestibles
 f - a bread ration {@e1}


   Skills:
 O Level 27 Fighting
 O Level 27 Axes
 O Level 27 Throwing
 O Level 27 Armour
 O Level 27 Dodging
 O Level 27 Stealth
 O Level 27 Shields
 O Level 27 Unarmed Combat
 O Level 27 Spellcasting
 O Level 27 Invocations


You had 80 spell levels left.
You didn't know any spells.

Dungeon Overview and Level Annotations

Branches:
Dungeon (1/1)

Altars:
Makhleb


Innate Abilities, Weirdness & Mutations

You have hooves in place of feet.
You are completely covered in molten scales. (AC +4, rF+)
Your flesh is heat resistant. (rF+)
Your demonic aura causes spilled blood to erupt in flames.
You are powered by pain.
Your magical and physical power is greatly enhanced at high health.
You are immune to clouds of flame.


Message History

You slash the nine-headed meat hydra!
You slaughter the nine-headed meat hydra joyfully.
You kill the nine-headed meat hydra!
Makhleb accepts your kill.
You feel better.
You slice the sculptor of flesh like a ripe choko!!!
You butcher the sculptor of flesh messily.
You destroy the sculptor of flesh!
Makhleb accepts your kill.
You feel better.
You hit the large abomination but do no damage.
You dissect the large abomination like a pig carcass.
You destroy the large abomination!
You hit the large abomination.
You cleave the large abomination in twain.
You destroy the large abomination!
Makhleb accepts your kill.
You slash the meat berserker!
You butcher the meat berserker messily.
You kill the meat berserker!
Makhleb accepts your kill.
The meat berserker rages. x3
The eight-headed meat hydra calls on the powers of darkness!
The eight-headed meat hydra convulses!
The bag of meat convulses!
The meat berserker convulses! x2; The bag of meat convulses!
The meat berserker convulses! x2; The bag of meat convulses! x2
The eight-headed meat hydra convulses!
The bag of meat convulses! x3
The meat berserker convulses!
The large bag of meat convulses!
The meat berserker convulses!
The bag of meat convulses!
The large bag of meat convulses!
The bag of meat convulses! x4
The large bag of meat convulses!
The bag of meat convulses!
Your body is wracked with pain!
The meat berserker convulses!
The bag of meat convulses! x3
The large bag of meat convulses!
The bag of meat convulses! x4
The meat berserker convulses!
The bag of meat convulses! x3 2 orcs and an ogre come into view.
You regained 21 hp, and now have 126/249 hp.
You hit the large abomination.
You chop the large abomination into pieces.
You destroy the large abomination!
You slash the bag of meat!
You dissect the bag of meat like a pig carcass.
You kill the bag of meat!
Makhleb accepts your kill.
You feel better.
You hit the small abomination.
You dissect the small abomination like a pig carcass.
You destroy the small abomination!
Makhleb accepts your kill.
You feel better.
The meat beast howls, "Admit defeat, thou tasty dinner!"
The meat berserker is engulfed in blazing flames.
You hear a shout!
Some corpses begin to drag themselves along the ground!
Some corpses meld into an agglomeration of writhing flesh!
The tyrant mumbles some strange words.
The tyrant seems to speed up.
You hear a shout!
The small abomination is engulfed in blazing flames.
You hear a shout!
The eight-headed meat hydra calls on the powers of darkness!
The eight-headed meat hydra convulses!
The bag of meat convulses! x2
The meat berserker convulses! x2; The bag of meat convulses!
The eight-headed meat hydra convulses!
The meat berserker convulses!
The bag of meat convulses! x4; The meat berserker convulses!
Your body is wracked with pain!
You focus on the pain.
You feel mightier all of a sudden.
The meat berserker convulses!
The bag of meat convulses! x2
The large bag of meat convulses! x2; The bag of meat convulses! x5
The large bag of meat convulses!
The meat berserker convulses!
The large bag of meat convulses!
The bag of meat convulses! x2
The meat berserker convulses!
The bag of meat convulses! x7
The meat berserker is engulfed in blazing flames.
You kill the meat berserker!
Makhleb accepts your kill.
A hydra, 2 orcs, 2 ogres, a small abomination and 2 crawling corpses come into view.
You take 31 damage, and have 95/249 hp.
Unknown command.
Unknown command.
Unknown command.
Unknown command.
An ogre, a hell beast, a phantom and a skeletal warrior come into view.
The meat beast moans, "Give up, thou gleeking roguish yak-dropping!"
The meat beast is engulfed in blazing flames.
The meat beast bites you but does no damage.
The meat beast tramples you but does no damage.
The tyrant is engulfed in blazing flames.
The tyrant gestures wildly while chanting.
The meat berserker hits you but does no damage.
You hear a shout! x2
The meat berserker hits you with a +9 battleaxe!!!
* * * LOW HITPOINT WARNING * * *
The meat berserker hits you with a +9 battleaxe!!
* * * LOW HITPOINT WARNING * * *
You focus on the pain.
You feel more agile all of a sudden.
The meat beast is engulfed in blazing flames.
The meat beast bites you!
* * * LOW HITPOINT WARNING * * *
The meat beast tramples you!
You die...

#.....)).)......####
.......)))D........##
.....##)##)#####.....
.......o.)))..%.W..X.
##.....##)##W.X.XX.DX
......o.))..XX)XXL.oX
........L#.#XxXXooo#X
......)....Ox§L.o####
...%..).)O.xx@OoXDoDo
#.....o.)..oO2O2Ooo..
......OOo)z.OOo.Ooo..
......o)xO)oOOoO2oo..
....#.zoO)xW#Wo.ooL..
....#...D%O)#oooozoOX
..###.Vz.%).###.W..2V
......%###oO...G..O.o
.......)_))).......


You could see 5 tentacled monstrosities, 4 meat beasts, 4 tyrants, 4
eight-headed meat hydras, 2 destroyers, an observer (invisible), 4 sculptors of
flesh, 4 large bags of meat, 10 large abominations, 5 wretched souls, 16 meat
berserkers, 2 small abominations, 33 bags of meat and 4 crawling corpses.

Vanquished Creatures
  Sigmund (D)
  10 hell beasts (D)
  4 greater mummies (D)
  3 wraiths (D)
  Harold (D)
  8 vampire knights (D)
  46 ogres (D)
  4 two-headed ogres (D)
  3 liches (D)
  A hydra (D)
  49 orcs (D)
  4 skeletal warriors (D)
  4 large abominations (D)
  5 small abominations (D)
  20 crawling corpses (D)
163 creatures vanquished.

Vanquished Creatures (others)
  A small abomination (D)
  5 crawling corpses (D)
6 creatures vanquished.

Grand Total: 169 creatures vanquished

Notes
Turn   | Place    | Note
-------+----------+-------------------------------------------
     0 | D        | esc the Demonspawn Fighter began the quest for the Orb.
     0 | D        | Reached XP level 1. HP: 18/18 MP: 1/1
     2 | D        | Noticed a bag of meat
     4 | D        | Noticed a bag of meat
     4 | D        | Noticed a bag of meat
     7 | D        | Noticed a bag of meat
     7 | D        | Noticed a meat berserker
     7 | D        | Noticed a meat berserker
     9 | D        | Noticed a bag of meat
     9 | D        | Killed a bag of meat
     9 | D        | Reached skill level 14 in Fighting
     9 | D        | Reached skill level 13 in Axes
     9 | D        | Reached skill level 13 in Armour
     9 | D        | Reached skill level 13 in Dodging
     9 | D        | Gained mutation: Your flesh is heat resistant. (rF+) [demonic ancestry]
     9 | D        | Reached XP level 2. HP: 43/43 MP: 2/2
     9 | D        | Gained mutation: You have large cloven feet. [demonic ancestry]
     9 | D        | Reached XP level 3. HP: 49/49 MP: 3/3
     9 | D        | Reached XP level 4. HP: 56/56 MP: 4/4
     9 | D        | Gained mutation: You sometimes gain a little power by taking damage. [demonic ancestry]
     9 | D        | Reached XP level 5. HP: 62/62 MP: 5/5
     9 | D        | Reached XP level 6. HP: 69/69 MP: 6/6
     9 | D        | Gained mutation: You have hoof-like feet. [demonic ancestry]
     9 | D        | Reached XP level 7. HP: 75/75 MP: 7/7
     9 | D        | Gained mutation: You are immune to clouds of flame. [demonic ancestry]
     9 | D        | Reached XP level 8. HP: 82/82 MP: 8/8
     9 | D        | Reached XP level 9. HP: 88/88 MP: 9/9
     9 | D        | Reached XP level 10. HP: 95/95 MP: 10/10
     9 | D        | Gained mutation: You are partially covered in molten scales. (AC +2) [demonic ancestry]
     9 | D        | Reached XP level 11. HP: 101/101 MP: 11/11
    10 | D        | Noticed a meat berserker
    10 | D        | Killed a meat berserker
    10 | D        | Reached skill level 18 in Fighting
    10 | D        | Reached skill level 16 in Axes
    10 | D        | Reached skill level 17 in Armour
    10 | D        | Reached skill level 16 in Dodging
    10 | D        | Reached XP level 12. HP: 94/117 MP: 12/12
    10 | D        | Gained mutation: You are mostly covered in molten scales. (AC +3) [demonic ancestry]
    10 | D        | Reached XP level 13. HP: 99/123 MP: 13/13
    10 | D        | Killed a bag of meat
    10 | D        | Reached skill level 19 in Fighting
    10 | D        | Reached skill level 18 in Axes
    10 | D        | Reached skill level 18 in Armour
    10 | D        | Reached skill level 17 in Dodging
    10 | D        | Gained mutation: Your demonic aura causes spilled blood to erupt in flames. [demonic ancestry]
    10 | D        | Reached XP level 14. HP: 107/133 MP: 14/14
    11 | D        | Noticed a bag of meat
    11 | D        | Noticed a bag of meat
    11 | D        | Killed a meat berserker
    11 | D        | Reached skill level 21 in Fighting
    11 | D        | Reached skill level 19 in Axes
    11 | D        | Reached skill level 19 in Armour
    11 | D        | Reached skill level 19 in Dodging
    11 | D        | Reached XP level 15. HP: 47/144 MP: 15/15
    11 | D        | Reached skill level 22 in Fighting
    11 | D        | Reached skill level 20 in Axes
    11 | D        | Reached skill level 20 in Armour
    11 | D        | Reached skill level 20 in Dodging
    12 | D        | Noticed a meat berserker
    12 | D        | Became a worshipper of Makhleb the Destroyer
    12 | D        | HP: 30/146 [bag of meat/+9 war axe (18)]
    12 | D        | HP: 2/146 [meat berserker/+9 battleaxe (28)]
    13 | D        | Noticed a meat berserker
    13 | D        | Reached skill level 21 in Axes
    13 | D        | Reached skill level 21 in Armour
    13 | D        | Reached skill level 21 in Dodging
    13 | D        | Killed a meat berserker
    13 | D        | Reached * piety under Makhleb
    13 | D        | Reached skill level 24 in Fighting
    13 | D        | Reached skill level 22 in Axes
    13 | D        | Reached skill level 22 in Armour
    13 | D        | Reached skill level 22 in Dodging
    13 | D        | Gained mutation: You have hooves in place of feet. [demonic ancestry]
    13 | D        | Reached XP level 16. HP: 2/159 MP: 16/16
    14 | D        | Noticed a meat berserker
    14 | D        | Noticed a large bag of meat
    14 | D        | Reached skill level 23 in Axes
    14 | D        | Reached skill level 23 in Armour
    14 | D        | Reached skill level 23 in Dodging
    14 | D        | Killed a meat berserker
    14 | D        | Reached skill level 26 in Fighting
    14 | D        | Reached skill level 24 in Axes
    14 | D        | Reached skill level 24 in Armour
    14 | D        | Reached skill level 24 in Dodging
    14 | D        | Reached XP level 17. HP: 143/171 MP: 17/17
    15 | D        | Noticed a meat berserker
    15 | D        | Noticed a meat berserker
    16 | D        | Noticed a meat berserker
    16 | D        | Noticed a meat berserker
    17 | D        | Reached ** piety under Makhleb
    17 | D        | Reached skill level 25 in Axes
    17 | D        | Reached skill level 25 in Armour
    17 | D        | Killed a meat berserker
    17 | D        | Reached skill level 27 in Fighting
    17 | D        | Reached skill level 26 in Axes
    17 | D        | Reached skill level 26 in Armour
    17 | D        | Reached skill level 26 in Dodging
    17 | D        | Gained mutation: You sometimes gain power by taking damage. [demonic ancestry]
    17 | D        | Reached XP level 18. HP: 182/182 MP: 18/18
    17 | D        | Reached skill level 27 in Axes
    17 | D        | Reached skill level 27 in Armour
    17 | D        | Reached skill level 27 in Dodging
    17 | D        | Killed a meat berserker
    17 | D        | Reached *** piety under Makhleb
    17 | D        | Reached skill level 8 in Throwing
    17 | D        | Reached skill level 8 in Stealth
    17 | D        | Reached skill level 8 in Shields
    17 | D        | Reached skill level 8 in Unarmed Combat
    17 | D        | Reached skill level 8 in Spellcasting
    17 | D        | Reached skill level 11 in Invocations
    18 | D        | Noticed a meat berserker
    18 | D        | Noticed a meat berserker
    19 | D        | Noticed a meat berserker
    19 | D        | Noticed a meat berserker
    20 | D        | Noticed a meat berserker
    20 | D        | Noticed a meat berserker
    20 | D        | Reached skill level 9 in Throwing
    20 | D        | Reached skill level 10 in Stealth
    20 | D        | Reached skill level 10 in Shields
    20 | D        | Reached skill level 9 in Unarmed Combat
    20 | D        | Reached skill level 9 in Spellcasting
    20 | D        | Reached skill level 13 in Invocations
    20 | D        | Reached XP level 19. HP: 179/189 MP: 18/32
    20 | D        | Killed a meat berserker
    20 | D        | Reached skill level 12 in Throwing
    20 | D        | Reached skill level 13 in Stealth
    20 | D        | Reached skill level 12 in Shields
    20 | D        | Reached skill level 12 in Unarmed Combat
    20 | D        | Reached skill level 12 in Spellcasting
    20 | D        | Reached skill level 16 in Invocations
    20 | D        | Killed a meat berserker
    20 | D        | Reached **** piety under Makhleb
    20 | D        | Reached skill level 14 in Throwing
    20 | D        | Reached skill level 15 in Stealth
    20 | D        | Reached skill level 14 in Shields
    20 | D        | Reached skill level 14 in Unarmed Combat
    20 | D        | Reached skill level 14 in Spellcasting
    20 | D        | Reached skill level 19 in Invocations
    21 | D        | Reached skill level 15 in Throwing
    21 | D        | Reached skill level 16 in Stealth
    21 | D        | Reached skill level 15 in Shields
    21 | D        | Reached skill level 15 in Unarmed Combat
    21 | D        | Reached skill level 15 in Spellcasting
    21 | D        | Reached skill level 20 in Invocations
    21 | D        | Gained mutation: Your magical and physical power is slightly enhanced at high health. [demonic ancestry]
    21 | D        | Reached XP level 20. HP: 197/197 MP: 18/39
    21 | D        | Killed a meat berserker
    21 | D        | Reached skill level 16 in Throwing
    21 | D        | Reached skill level 18 in Stealth
    21 | D        | Reached skill level 16 in Shields
    21 | D        | Reached skill level 16 in Unarmed Combat
    21 | D        | Reached skill level 16 in Spellcasting
    21 | D        | Reached skill level 22 in Invocations
    22 | D        | Killed a meat berserker
    22 | D        | Reached skill level 18 in Throwing
    22 | D        | Reached skill level 19 in Stealth
    22 | D        | Reached skill level 18 in Shields
    22 | D        | Reached skill level 18 in Unarmed Combat
    22 | D        | Reached skill level 18 in Spellcasting
    22 | D        | Reached skill level 23 in Invocations
    22 | D        | Reached ***** piety under Makhleb
    22 | D        | Reached skill level 20 in Stealth
    22 | D        | Reached skill level 24 in Invocations
    22 | D        | Killed a meat berserker
    22 | D        | Reached skill level 19 in Throwing
    22 | D        | Reached skill level 21 in Stealth
    22 | D        | Reached skill level 19 in Shields
    22 | D        | Reached skill level 19 in Unarmed Combat
    22 | D        | Reached skill level 19 in Spellcasting
    22 | D        | Reached skill level 26 in Invocations
    22 | D        | Reached XP level 21. HP: 204/204 MP: 18/44
    24 | D        | Reached skill level 20 in Throwing
    24 | D        | Reached skill level 22 in Stealth
    24 | D        | Reached skill level 20 in Shields
    24 | D        | Reached skill level 20 in Unarmed Combat
    24 | D        | Reached skill level 20 in Spellcasting
    24 | D        | Reached skill level 27 in Invocations
    24 | D        | Reached skill level 21 in Throwing
    24 | D        | Reached skill level 23 in Stealth
    24 | D        | Reached skill level 21 in Shields
    24 | D        | Reached skill level 21 in Unarmed Combat
    24 | D        | Reached skill level 21 in Spellcasting
    24 | D        | Reached skill level 22 in Throwing
    24 | D        | Reached skill level 24 in Stealth
    24 | D        | Reached skill level 22 in Shields
    24 | D        | Reached skill level 22 in Unarmed Combat
    24 | D        | Reached skill level 22 in Spellcasting
    24 | D        | Reached skill level 23 in Throwing
    24 | D        | Reached skill level 25 in Stealth
    24 | D        | Reached skill level 23 in Shields
    24 | D        | Reached skill level 23 in Unarmed Combat
    24 | D        | Reached skill level 23 in Spellcasting
    24 | D        | Gained mutation: You are completely covered in molten scales. (AC +4, rF+) [demonic ancestry]
    24 | D        | Reached XP level 22. HP: 212/212 MP: 19/49
    24 | D        | Reached skill level 24 in Throwing
    24 | D        | Reached skill level 26 in Stealth
    24 | D        | Reached skill level 24 in Shields
    24 | D        | Reached skill level 24 in Unarmed Combat
    24 | D        | Reached skill level 24 in Spellcasting
    25 | D        | Noticed a large bag of meat
    25 | D        | Noticed a destroyer
    26 | D        | Reached skill level 25 in Throwing
    26 | D        | Reached skill level 27 in Stealth
    26 | D        | Reached skill level 25 in Shields
    26 | D        | Reached skill level 25 in Unarmed Combat
    26 | D        | Reached skill level 25 in Spellcasting
    26 | D        | Reached ****** piety under Makhleb
    26 | D        | Reached skill level 26 in Throwing
    26 | D        | Reached skill level 26 in Shields
    26 | D        | Reached skill level 26 in Unarmed Combat
    26 | D        | Reached skill level 26 in Spellcasting
    26 | D        | Gained mutation: You are powered by pain. [demonic ancestry]
    26 | D        | Reached XP level 23. HP: 219/219 MP: 28/53
    28 | D        | Reached skill level 27 in Throwing
    28 | D        | Reached skill level 27 in Shields
    28 | D        | Reached skill level 27 in Unarmed Combat
    28 | D        | Reached skill level 27 in Spellcasting
    29 | D        | Killed a destroyer
    29 | D        | Reached XP level 24. HP: 227/227 MP: 28/54
    31 | D        | Noticed The Servant
    31 | D        | Killed a large bag of meat
    31 | D        | Killed a large bag of meat
    31 | D        | Reached XP level 25. HP: 182/234 MP: 54/54
    31 | D        | Killed The Servant
    32 | D        | Noticed a large bag of meat
    33 | D        | Noticed a large bag of meat
    33 | D        | Noticed a destroyer
    34 | D        | Gained mutation: Your magical and physical power is enhanced at high health. [demonic ancestry]
    34 | D        | Reached XP level 26. HP: 242/242 MP: 54/54
    38 | D        | HP: 54/242 [??? (52)]
    39 | D        | Noticed a destroyer
    40 | D        | HP: 16/242 [??? (13)]
    41 | D        | Killed a large bag of meat
    42 | D        | Killed a large bag of meat
    43 | D        | Noticed a destroyer
    47 | D        | Noticed a destroyer
    48 | D        | Killed a destroyer
    48 | D        | Gained mutation: Your magical and physical power is greatly enhanced at high health. [demonic ancestry]
    48 | D        | Reached XP level 27. HP: 192/249 MP: 54/54
    50 | D        | Noticed an accursed
    50 | D        | Killed a destroyer
    51 | D        | Killed a destroyer
    51 | D        | Killed a destroyer
    55 | D        | Noticed a tyrant
    62 | D        | Killed a tyrant
    63 | D        | Noticed a tyrant
    64 | D        | Noticed a dread
    64 | D        | Killed an accursed
    66 | D        | Noticed a tyrant
    66 | D        | Noticed an accursed
    66 | D        | Noticed an accursed
    69 | D        | Noticed a dread
    69 | D        | Killed a dread
    69 | D        | HP: 59/249 [??? (56)]
    70 | D        | Noticed The Captor
    70 | D        | HP: 26/249 [??? (23)]
    71 | D        | Noticed a dread
    71 | D        | Killed an accursed
    71 | D        | Noticed a meat beast
    73 | D        | Noticed a destroyer
    73 | D        | Killed a tyrant
    75 | D        | Noticed a meat beast
    75 | D        | Noticed a meat beast
    75 | D        | Killed a meat beast
    75 | D        | HP: 61/249 [??? (58)]
    77 | D        | Noticed a large bag of meat
    77 | D        | Noticed an accursed
    77 | D        | HP: 7/249 [bag of meat/+9 war axe (27)]
    78 | D        | Noticed a meat beast
    78 | D        | Noticed a meat beast
    78 | D        | Killed a dread
    79 | D        | Noticed a destroyer
    79 | D        | Noticed a destroyer
    79 | D        | Killed a meat beast
    80 | D        | Noticed a tyrant
    80 | D        | Noticed a meat beast
    80 | D        | Noticed a large bag of meat
    81 | D        | Noticed a tyrant
    81 | D        | Noticed a meat beast
    81 | D        | Noticed a meat beast
    81 | D        | Noticed a tyrant
    81 | D        | Killed a meat beast
    81 | D        | Killed an accursed
    81 | D        | Killed a dread
    81 | D        | Killed a destroyer
    81 | D        | Killed a meat beast
    82 | D        | Noticed a large bag of meat
    82 | D        | Noticed a meat beast
    82 | D        | Noticed a meat beast
    82 | D        | Killed a destroyer
    82 | D        | Killed The Captor
    83 | D        | Killed a meat beast
    84 | D        | Noticed a large bag of meat
    84 | D        | Noticed a meat beast
    84 | D        | Killed a meat beast
    85 | D        | Killed an accursed
    85 | D        | Killed a meat beast
    86 | D        | Killed a meat beast
    87 | D        | Noticed a meat beast
    87 | D        | Killed a meat beast
    87 | D        | Killed a destroyer
    87 | D        | HP: 62/249 [??? (60)]
    89 | D        | Noticed a meat beast
    89 | D        | Killed a tyrant
    90 | D        | Noticed a tyrant
    91 | D        | Killed a meat beast
    93 | D        | Noticed a meat beast
    93 | D        | HP: 58/249 [meat berserker/+9 battleaxe (38)]
    93 | D        | HP: 27/249 [meat berserker/+9 battleaxe (31)]
    93 | D        | Slain by a meat beast

Vault maps used:
D:        meatsprint

Skill      XL: |  1  2  3  4  5  6  7  8  9 10 11 12 13 14 15 16 17 18 19 20 21 22 23 |
---------------+----------------------------------------------------------------------+-----
Fighting       | 14 18 19 21 24 26 27 | 27.0
Axes           | 13 16 18 19 22 24 26 27 | 27.0
Armour         | 13 17 18 19 22 24 26 27 | 27.0
Dodging        | 13 16 17 19 22 24 26 27 | 27.0
Throwing       | 9 15 19 23 26 27 | 27.0
Stealth        | 10 16 21 25 27 | 27.0
Shields        | 10 15 19 23 26 27 | 27.0
Unarmed Combat | 9 15 19 23 26 27 | 27.0
Spellcasting   | 9 15 19 23 26 27 | 27.0
Invocations    | 13 20 26 27 | 27.0

Action                   |  1- 3 |  4- 6 |  7- 9 | 10-12 | 13-15 | 16-18 | 19-21 | 22-24 | 25-27 || total
-------------------------+-------+-------+-------+-------+-------+-------+-------+-------+-------++-------
Melee: Executioner's axe |     1 |       |       |     1 |     2 |     3 |     3 |     4 |    39 ||    53
Armor: Scale mail        |       |       |       |     1 |       |       |       |     2 |     6 ||     9
Dodge: Dodged            |       |       |       |       |       |     1 |     2 |     1 |    10 ||    14

Vault maps used:
D:        meatsprint

Table legend:
 A = Turns spent in this place as a percentage of turns spent in the entire game.
 B = Non-inter-level travel turns spent in this place as a percentage of non-inter-level travel turns spent in the entire game.
 C = Inter-level travel turns spent in this place as a percentage of turns spent in this place.
 D = Turns resting spent in this place as a percentage of non-inter-level travel turns spent in this place.
 E = Turns spent auto-exploring this place as a percentage of non-inter-level travel turns spent in this place.
 F = Non-inter-level travel turns spent in this place divided by the number of levels of this place that you've seen.
                   A       B       C       D       E      F
               +-------+-------+-------+-------+-------+----------------------
         Total | 100.0 | 100.0 |   0.0 |   0.0 |   0.0 | 175.0
       Dungeon | 100.0 | 100.0 |   0.0 |   0.0 |   0.0 | 175.0
               +-------+-------+-------+-------+-------+----------------------

Table legend:
 A = Kills in this place as a percentage of kills in entire the game.
 B = Kills by you in this place as a percentage of kills by you in the entire game.
 C = Kills by friends in this place as a percentage of kills by friends in the entire game.
 D = Other kills in this place as a percentage of other kills in the entire game.
 E = Experience gained in this place as a percentage of experience gained in the entire game.
 F = Experience gained in this place divided by the number of levels of this place that you have seen.
                   A       B       C       D       E      F
               +-------+-------+-------+-------+-------+----------------------
         Total | 100.0 | 100.0 |  -nan | 100.0 | 100.0 | 4558075.0
       Dungeon | 100.0 | 100.0 |  -nan | 100.0 | 100.0 | 4558075.0
               +-------+-------+-------+-------+-------+----------------------
